 Dungeon Crawl Stone Soup version 0.27.1-2-g3b301248ec (webtiles) character file.

Game seed: 13182451142453117123

71 Urokeeper the Shield-Bearer (level 4, -2/40 HPs)
             Began as a Minotaur Fighter on Sept 29, 2021.
             Slain by a hobgoblin (5 damage)
             ... led by Robin
             ... on level 2 of the Dungeon.
             The game lasted 00:04:40 (1198 turns).

Urokeeper the Shield-Bearer (Minotaur Fighter)      Turns: 1198, Time: 00:04:47

Health: -2/40      AC:  7    Str: 21    XL:     4   Next: 5%
Magic:  3/3        EV:  7    Int:  5    God:
Gold:   65         SH:  9    Dex: 10    Spells: 3/3 levels left

rFire    . . .     SeeInvis .   a - +0 flail
rCold    . . .     Faith    .   c - +0 kite shield
rNeg     . . .     Spirit   .   b - +0 scale mail
rPois    .         Reflect  .   (helmet restricted)
rElec    .         Harm     .   (no cloak)
rCorr    .         Rampage  .   (no gloves)
Will     .....                  (no boots)
Stlth    ..........             (no amulet)
HPRegen  0.13/turn              (no ring)
MPRegen  0.08/turn              (no ring)

@: mighty
A: horns 2, retaliatory headbutt
a: no special abilities


You were on level 2 of the Dungeon.
You visited 1 branch of the dungeon, and saw 2 of its levels.

You collected 65 gold pieces.

Inventory:

Hand Weapons
 a - a +0 flail (weapon)
Armour
 b - a +0 scale mail (worn)
 c - a +0 kite shield (worn)
Jewellery
 f - an amulet of magic regeneration
Scrolls
 e - a scroll of magic mapping {unknown}
 h - a scroll of fear {unknown}
Potions
 g - a potion of magic


   Skills:
 + Level 4.0 Fighting
 + Level 3.5 Maces & Flails
 + Level 4.3 Armour
 + Level 0.4 Dodging
 + Level 4.3 Shields


You had 3 spell levels left.
You didn't know any spells.
Your spell library contained the following spells:

 Spells                   Type           Power      Damage    Failure   Level
 Shock                    Conj/Air       0%         1d3       99%         1
 Swiftness                Air            0%         N/A       100%        3
 Airstrike                Air            0%         N/A       100%        4


Dungeon Overview and Level Annotations

Branches:
Dungeon (2/15)

Altars:

Shops:
D:2 :

Annotations:
D:2 Robin


Innate Abilities, Weirdness & Mutations

You have a pair of horns on your head.
You reflexively headbutt those who attack you in melee.


Message History

You hear a shout!
You feel sick.
You feel sick.
You feel sick.
You feel sick.
You are no longer poisoned.
You sock the goblin!
You kill the goblin!
You block the goblin's attack. The goblin hits you with a +0 dagger.
The hobgoblin hits you.
You see here a +2 dagger of venom.
You sock the goblin!
You kill the goblin!
The goblin hits you with a +0 club.
A goblin comes into view. It is wielding a +0 club.
A goblin comes into view. It is wielding a +0 dagger.
The hobgoblin hits you.
* * * LOW HITPOINT WARNING * * *
The hobgoblin barely misses you. You furiously retaliate!
You headbutt the hobgoblin!
You kill the hobgoblin!
You block the hobgoblin's attack.
You have reached level 4!
You feel agile.
The goblin shouts!
You hit the goblin.
You kill the goblin!
A hobgoblin comes into view.
The hobgoblin barely misses you.
The hobgoblin hits you but does no damage.
You block the hobgoblin's attack. Robin hits you but does no damage.
The hobgoblin hits you but does no damage.
It was a potion of magic.
Magic courses through your body. The hobgoblin closely misses you.
You furiously retaliate!
You headbutt the hobgoblin!
You kill the hobgoblin!
The hobgoblin hits you.
* * * LOW HITPOINT WARNING * * *
You block Robin's attack. The hobgoblin hits you.
You die...

...............
#.......#...# ##.
.###.......#...#....
..##......g.).....$
##.#.....gg.......$
........)......###.
#####......####...#........
......†..gg# .............
##.###..g@###.####........
#..#.g...# #........
#..##)..## #......<
#..#....## ##......
#....##..#####.....#.
#....................
####...##########..#.
#....#....# ##.##.
...#######.######.<##.


You could see Robin, 4 hobgoblins and 2 goblins.

Vanquished Creatures
  2 adders (D:2)
  A dart slug (D:1)
  5 ball pythons
  2 bats (D:1)
  3 endoplasms
  3 giant cockroaches (D:1)
  12 goblins
  7 hobgoblins
  2 quokkas
  6 frilled lizards (D:1)
  4 rats
47 creatures vanquished.

Notes
Turn   | Place    | Note
-------+----------+-------------------------------------------
     0 | D:1      | Urokeeper the Minotaur Fighter began the quest for the Orb.
     0 | D:1      | Reached XP level 1. HP: 19/19 MP: 0/0
   260 | D:1      | Reached XP level 2. HP: 27/27 MP: 1/1
   554 | D:1      | Reached XP level 3. HP: 30/33 MP: 2/2
   767 | D:1      | Found a faded altar of an unknown god.
  1127 | D:2      | Found Fiuwax's Book Shoppe.
  1184 | D:2      | Noticed Robin
  1197 | D:2      | Reached XP level 4. HP: 8/40 MP: 3/3
  1198 | D:2      | Slain by a hobgoblin

Illustrated notes

Levels and vault maps discovered:
D:1:      denvon_arrival_planthouse, layout_basic,
          hellmonk_ecumenical_altar_pennies_from_heaven, chequers_mini_garden,
          minmay_crystal_room, minmay_domino_4
D:2:      layout_rooms, serial_shops, shop_statue, shop_statue,
          nicolae_lakefront_shop, shop_coins, shop,
          amcnicky_mini_rare_corridor_liquid, hangedman_decor_push,
          interstate_on_off, kennysheep_path_1, uniq_natasha, uniq_robin

Skill      XL: |  1  2  3 |
---------------+----------+-----
Shields        | 4 |  4.3
Armour         | 4 |  4.3
Fighting       | 4 |  4.0
Maces & Flails | 3 |  3.5
Dodging        | |  0.4

Action                   |  1- 3 |  4- 6 || total
-------------------------+-------+-------++-------
Melee: Flail             |   101 |     1 ||   102
       Headbutt          |     8 |       ||     8
  Use: Potion            |     1 |     1 ||     2
Armor: Scale mail        |    49 |     3 ||    52
Dodge: Dodged            |    30 |     2 ||    32
Block: Kite shield       |    48 |     2 ||    50
